 Dungeon Crawl Stone Soup version 0.29.1-13-g9f3cf754e1 (webtiles) character file.

Game seed: 7928077173921511631

798 H0rd4k the Insei (level 7, -1/48 HPs)
             Began as an Octopode Artificer on Feb 6, 2023.
             Killed by divine providence
             ... invoked by an orc priest
              (14 damage)
             ... on level 5 of the Dungeon.
             The game lasted 00:04:11 (4696 turns).

H0rd4k the Insei (Octopode Artificer)               Turns: 4696, Time: 00:04:11

Health: -1/48      AC:  1    Str: 11    XL:     7   Next: 89%
Magic:  11/12      EV: 17    Int: 16    God:
Gold:   231        SH:  0    Dex: 12    Spells: 6/13 levels left

rFire   . . .      SeeInvis .     - Unarmed
rCold   . . .      Faith    .   (no shield)
rNeg    . . .      Spirit   .   (helmet restricted)
rPois   .          Reflect  .   (no amulet)
rElec   .          Harm     .   f - ring of wizardry
rCorr   +          Rampage  .   p - +4 ring of evasion
Will    .....                   q - ring of resist corrosion
Stlth   +++.......              (no ring)
HPRegen 0.16/turn               (no ring)
MPRegen 0.13/turn               (no ring)
                                (no ring)
                                (no ring)

@: no status effects
A: almost no armour, amphibious, 8 rings, camouflage 1, gelatinous body 1,
(nimble swimmer 1), tentacles
a: no special abilities


You were on level 5 of the Dungeon.
You visited 1 branch of the dungeon, and saw 5 of its levels.

You collected 231 gold pieces.

Inventory:

Missiles
 r - 2 poisoned darts (quivered)
Jewellery
 f - a ring of wizardry (left tentacle)
 p - a +4 ring of evasion (right tentacle)
 q - a ring of resist corrosion (on tentacle)
Wands
 b - a wand of flame (10)
 c - a wand of charming (3)
Scrolls
 g - 4 scrolls of identify {unknown}
 h - 2 scrolls of teleportation {unknown}
 l - a scroll of acquirement {unknown}
 m - a scroll of blinking {unknown}
 n - a scroll of amnesia {unknown}
 s - a scroll of vulnerability {unknown}
Potions
 a - 6 potions of curing
 d - a potion of lignification {unknown}
 e - a potion of degeneration {unknown}
 i - a potion of might {unknown}
 j - a potion of heal wounds {unknown}
 k - 2 potions of haste {unknown}
 o - 2 potions of attraction {unknown}


   Skills:
 + Level 4.0 Fighting
 + Level 0.1 Throwing
 - Level 2.3 Dodging
 - Level 1.3 Stealth
 - Level 4.9 Unarmed Combat
 * Level 3.8 Spellcasting
 * Level 1.9 Hexes
 * Level 1.7 Summonings
 - Level 3.2 Evocations


You had 6 spell levels left.
You knew the following spells:

 Your Spells              Type           Power      Damage    Failure   Level
a - Summon Small Mammal   Summ           32%        N/A       3%          1
b - Call Canine Familiar  Summ           8%         N/A       11%         3
c - Summon Guardian Gole  Hex/Summ       8%         N/A       10%         3

Your spell library contained the following spells:

 Spells                   Type           Power      Damage    Failure   Level
 Beastly Appendage        Tmut           6%         N/A       7%          1
 Foxfire                  Conj/Fire      12%        2x1d4     7%          1
 Confusing Touch          Hex            9%         N/A       10%         3
 Wereblood                Tmut           3%         N/A       11%         2
 Inner Flame              Hex/Fire       6%         N/A       14%         3
 Conjure Flame            Conj/Fire      3%         6-21      21%         3
 Spider Form              Tmut/Pois      3%         N/A       21%         3
 Flame Wave               Conj/Fire      3%         2d5       52%         4
 Yara's Violent Unravell  Hex/Tmut       3%         3d4       75%         5
 Enfeeble                 Hex            4%         N/A       100%        7


Dungeon Overview and Level Annotations

Branches:
Dungeon (5/15)
 Temple: D:4-7

Altars:
Fedhas
Okawaru

Annotations:
D:3 Robin
D:4 exclusion: downstairs


Innate Abilities, Weirdness & Mutations

You cannot wear most types of armour.
You are amphibious.
You can wear up to eight rings at the same time.
Your skin changes colour to match your surroundings (Stealth+).
Your rubbery body absorbs attacks. (AC +1, EV +1)
((You are camouflaged when in or above water. (Stealth+)))
You have tentacles for arms and can constrict up to eight enemies at once.


Message History

The orc priest is moderately wounded.
Your bat hits the orc wizard but does no damage.
You are confused.
The orc priest hits you with a +0 dagger.
The orc wizard hits your bat with a +0 dagger.
Your bat dies!
Your bat's corpse disappears in a puff of smoke!
You're too confused to move!
The orc barely misses you.
The orc priest hits you with a +0 dagger.
You bump into the rock wall.
The orc misses you.
The orc priest hits you with a +0 dagger.
The orc wizard gestures wildly while chanting.
The orc wizard flickers and vanishes!
You bump into the rock wall.
The orc hits you with a +0 dagger. The orc priest misses you.
You bump into the rock wall.
The orc misses you.
The orc priest hits you with a +0 dagger.
* * * LOW HITPOINT WARNING * * *
You bump into the rock wall.
The orc completely misses you.
The orc priest mumbles some strange prayers to Beogh against you.
You struggle to resist.
You tentacle-slap the orc.
The orc is heavily wounded.
The orc closely misses you. The orc priest barely misses you.
You hear some strange, mumbled words.
Something tries to affect you, but you resist.
You tentacle-slap the orc.
You kill the orc!
Something hits you.
* * * LOW HITPOINT WARNING * * *
The orc priest hits you with a +0 dagger.
* * * LOW HITPOINT WARNING * * *
Unknown command.
You are too confused!
Unknown command.
You feel better. Something hits you.
* * * LOW HITPOINT WARNING * * *
The orc priest invokes the aid of Beogh against you.
Beogh smites you!
You die...

.............##.
................###..##.
.................##.....
.....................###
..............##.##..##
#.#...........###.#..###
#.............#......##
#...{)....#.....#).### ..
#@#######.(##..... #..
#o## ##..###.... #..##{W#
###.....#.... #
#.....####..........##
##.#..#.....#..#.......##
#....##...>....#......##.
#.............##........
#.....#..)........#......
....#.#...........##.....


You could see a phantom and an orc priest.

Vanquished Creatures
  Grinder (D:4)
  An ogre (D:5)
  2 scorpions
  3 hounds (D:5)
  2 iguanas
  4 adders
  2 worms (D:2)
  2 dart slugs
  12 orcs
  5 ball pythons
  6 endoplasms
  4 giant cockroaches
  7 goblins
  3 hobgoblins
  2 jackals (D:2)
  4 kobolds
  3 quokkas
  4 bats
  3 frilled lizards
  5 rats
75 creatures vanquished.

Vanquished Creatures (collateral kills)
  An adder (D:4)
  An endoplasm (D:4)
  A hobgoblin (D:4)
  A goblin (D:4)
4 creatures vanquished.

Vanquished Creatures (others)
  Edmund (D:4)
  An ogre (D:4)
  2 adders
  A plant (D:2)
5 creatures vanquished.

Grand Total: 84 creatures vanquished

Notes
Turn   | Place    | Note
-------+----------+-------------------------------------------
     0 | D:1      | H0rd4k the Octopode Artificer began the quest for the Orb.
     0 | D:1      | Reached XP level 1. HP: 13/13 MP: 1/1
    23 | D:1      | Found a faded altar of an unknown god.
   392 | D:1      | Reached XP level 2. HP: 18/18 MP: 2/2
   806 | D:1      | Reached skill level 1 in Spellcasting
  1248 | D:2      | Reached XP level 3. HP: 20/24 MP: 4/4
  1636 | D:2      | Reached skill level 1 in Unarmed Combat
  1921 | D:3      | Reached XP level 4. HP: 14/30 MP: 6/6
  2346 | D:3      | Found a blossoming altar of Fedhas.
  2763 | D:3      | Noticed Robin
  2909 | D:4      | Noticed a scorpion
  2944 | D:4      | Killed a scorpion
  2945 | D:4      | Reached XP level 5. HP: 26/36 MP: 6/8
  3220 | D:4      | Found an iron altar of Okawaru.
  3343 | D:4      | Noticed Edmund
  3678 | D:4      | Noticed Grinder
  3683 | D:4      | Noticed an ogre
  3685 | D:4      | Your ally Edmund died
  3686 | D:4      | Reached XP level 6. HP: 42/42 MP: 9/9
  3722 | D:4      | Killed Grinder
  3723 | D:4      | Reached XP level 7. HP: 13/47 MP: 11/11
  4170 | D:4      | Learned a level 1 spell: Summon Small Mammal
  4174 | D:4      | Learned a level 3 spell: Call Canine Familiar
  4178 | D:4      | Learned a level 3 spell: Summon Guardian Golem
  4258 | D:5      | Entered Level 5 of the Dungeon
  4441 | D:5      | Reached skill level 1 in Hexes
  4441 | D:5      | Reached skill level 1 in Summonings
  4696 | D:5      | Killed from afar by an orc priest

Illustrated notes

Levels and vault maps discovered:
D:1:      lemuel_arrival_behind_the_door_small, layout_loops_cross,
          dreamdust_ecumenical_altar_angels_and_demons,
          hangedman_decor_slide_cut
D:2:      layout_rooms, serial_bayou, serial_bayou_pond_d, serial_bayou_pond_e,
          serial_bayou_shore_a, serial_bayou_ford_a
D:3:      layout_basic, fedhas_altar_3, nicolae_sif_muna_little_library,
          biasface_ghost_orc_armoury, minmay_increasing_density, uniq_robin
D:4:      layout_basic, lemuel_tele_altar, uniq_grinder, uniq_edmund
D:5:      layout_cave_pools, lemuel_round_altar

Skill      XL: |  1  2  3  4  5  6  7 |
---------------+----------------------+-----
Spellcasting   | 1 2 3 |  3.8
Fighting       | 2 3 4 |  4.0
Unarmed Combat | 1 2 3 4 |  4.9
Hexes          | 1 |  1.9
Summonings     | 1 |  1.7
Throwing       | |  0.1
Dodging        | |  2.3
Stealth        | |  1.3
Evocations     | |  3.2

Action                   |  1- 3 |  4- 6 |  7- 9 || total
-------------------------+-------+-------+-------++-------
Melee: Unarmed           |    99 |    57 |    50 ||   206
       Tentacles         |    25 |    13 |    14 ||    52
       Constrict         |    22 |    19 |    10 ||    51
       Punch             |     1 |     2 |     3 ||     6
Throw: Dart              |       |       |     2 ||     2
 Cast: Summon Small Mamm |       |       |     1 ||     1
       Call Canine Famil |       |       |     1 ||     1
Evoke: Wand              |       |    20 |     2 ||    22
  Use: Potion            |       |       |     1 ||     1
 Stab: Sleeping          |    10 |     2 |     1 ||    13
       Distracted        |       |     1 |       ||     1
Armor: Skin              |     7 |     1 |       ||     8
Dodge: Dodged            |    59 |    23 |    56 ||   138
